 Dungeon Crawl Stone Soup version 0.29-a0-557-g43b9904bd1 (webtiles) character file.

Game seed: 17517734971597843601

107 kae the Firebug (level 4, 0/24 HPs)
             Began as a Tengu Fire Elementalist on June 8, 2022.
             Slain by an iguana (1 damage)
             ... on level 3 of the Dungeon.
             The game lasted 00:01:45 (3006 turns).

kae the Firebug (Tengu Fire Elementalist)           Turns: 3006, Time: 00:01:46

Health: 0/24       AC:  2    Str:  9    XL:     4   Next: 85%
Magic:  1/8        EV: 12    Int: 17    God:
Gold:   148        SH:  4    Dex: 14    Spells: 2/8 levels left

rFire   . . .      SeeInvis .   i - +0 falchion
rCold   . . .      Faith    .   c - +0 buckler
rNeg    . . .      Spirit   .   a - +0 robe
rPois   .          Reflect  .   (helmet restricted)
rElec   .          Harm     .   (no cloak)
rCorr   .          Rampage  .   (no gloves)
Will    .....                   (boots unavailable)
Stlth   ++........              (no amulet)
HPRegen 0.08/turn               (no ring)
MPRegen 0.11/turn               (no ring)

@: hasted, very quick
A: beak, talons 3
a: no special abilities


You were on level 3 of the Dungeon.
You visited 1 branch of the dungeon, and saw 3 of its levels.

You collected 148 gold pieces.

Inventory:

Hand Weapons
 i - a +0 falchion (weapon)
Armour
 a - a +0 robe (worn)
 c - a +0 buckler (worn)
Jewellery
 u - an amulet of magic regeneration
Wands
 n - a wand of flame (5)
Scrolls
 d - 4 scrolls of teleportation
 h - a scroll of blinking {unknown}
 k - a scroll of brand weapon {unknown}
 q - a scroll of identify
 t - a scroll of noise {unknown}
 v - a scroll of enchant armour {unknown}
Potions
 b - a potion of magic
 f - 2 potions of lignification
 g - a potion of flight {unknown}
 j - a potion of cancellation {unknown}
 l - a potion of curing {unknown}
 m - 2 potions of attraction {unknown}
 o - a potion of ambrosia {unknown}
 p - a potion of degeneration {unknown}
 r - a potion of might {unknown}
 s - a potion of invisibility {unknown}


   Skills:
 - Level 2.1 Dodging
 - Level 2.0 Stealth
 + Level 1.4 Shields
 + Level 2.5 Spellcasting
 * Level 3.5 Conjurations
 * Level 4.3 Fire Magic


You had 2 spell levels left.
You knew the following spells:

 Your Spells              Type           Power      Damage    Failure   Level
a - Foxfire               Conj/Fire      60%        2x1d7     4%          1
b - Scorch                Fire           32%        2d7       6%          2
c - Conjure Flame         Conj/Fire      15%        6-21      14%         3

Your spell library contained the following spells:

 Spells                   Type           Power      Damage    Failure   Level
 Sublimation of Blood     Necr           2%         N/A       36%         2
 Wereblood                Tmut           2%         N/A       36%         2
 Inner Flame              Hex/Fire       9%         N/A       30%         3
 Stone Arrow              Conj/Erth      16%        3d8       34%         3
 Ignite Poison            Fire/Tmut/Pois 7%         N/A       38%         3
 Mephitic Cloud           Conj/Pois/Air  6%         N/A       41%         3
 Flame Wave               Conj/Fire      15%        2d6       43%         4
 Fireball                 Conj/Fire      7%         3d5       80%         5
 Iskenderun's Battlesphe  Conj           14%        2d7       83%         5
 Animate Armour           Summ/Erth      4%         N/A       94%         4
 Freezing Cloud           Conj/Ice/Air   3%         6-21      99%         5
 Conjure Ball Lightning   Conj/Air       4%         3x3d6     100%        6
 Orb of Destruction       Conj           7%         9d6       100%        7
 Summon Hydra             Summ           1%         N/A       100%        7
 Lehudib's Crystal Spear  Conj/Erth      4%         10d3      100%        8


Dungeon Overview and Level Annotations

Branches:
Dungeon (3/15)

Altars:

Shops:
D:2 :   D:3 (

Annotations:
D:3 1 runed translucent door, Crazy Yiuf, Terence


Innate Abilities, Weirdness & Mutations

You have a beak for a mouth.
You have claws for feet.


Message History

The foxfire hits the iguana.
The iguana is lightly wounded.
Casting: Foxfire (safe; 4% risk of failure)
Confirm with . or Enter, or press ? or * to list all spells.
You conjure some foxfire!
The foxfire hits the iguana but does no damage.
The iguana is lightly wounded.
Your foxfire dissipates!
Casting: Foxfire (safe; 4% risk of failure)
Confirm with . or Enter, or press ? or * to list all spells.
You conjure some foxfire!
Casting: Foxfire (safe; 4% risk of failure)
Confirm with . or Enter, or press ? or * to list all spells.
You conjure some foxfire!
Casting: Foxfire (safe; 4% risk of failure)
Confirm with . or Enter, or press ? or * to list all spells.
You conjure some foxfire!
Your foxfire dissipates!
Your foxfire dissipates!
Casting: Foxfire (safe; 4% risk of failure)
Confirm with . or Enter, or press ? or * to list all spells.
You don't have enough magic to cast this spell.
The foxfire hits the iguana but does no damage.
The iguana is lightly wounded.
Your foxfire dissipates!
You hit the iguana. You peck the iguana, but do no damage.
The iguana is moderately wounded.
The iguana bites you.
You hit the iguana. Your kick misses the iguana.
The iguana is heavily wounded.
The iguana bites you! x2
Ouch! That really hurt!
* * * LOW HITPOINT WARNING * * *
You are too injured to fight recklessly!
You are too injured to fight recklessly!
You are too injured to fight recklessly!
You are too injured to fight recklessly!
You are too injured to fight recklessly!
It was a potion of haste.
You feel yourself speed up. The iguana bites you.
You die...

# #.####...#.##................##
# #.####........###..###.#####.##
# #.##.....###.....#.##..# #...
###.##....## ##.##........######.
##........##....#...ยง.#.......)..
........^....# #.##....#######..
...#.#....#### ##.###.### ###
.###.#....# ##..#....# ##...#....#
#.@...##..# #..###....# #.l#.###
#..# .......##.# #.##.# #..
#.####..<.# #. ..# #.# ###..# #
..## ..# #.......?# .## #...##....
##### #.......## ....## #......#


You could see an iguana.

Vanquished Creatures
  5 adders
  2 dart slugs (D:3)
  An orc (D:3)
  4 endoplasms
  5 giant cockroaches
  5 goblins
  6 hobgoblins
  4 jackals (D:1)
  3 quokkas
  6 ball pythons
  4 bats
  3 kobolds
  5 rats
53 creatures vanquished.

Vanquished Creatures (others)
  156 foxfires
156 creatures vanquished.

Grand Total: 209 creatures vanquished

Notes
Turn   | Place    | Note
-------+----------+-------------------------------------------
     0 | D:1      | kae the Tengu Fire Elementalist began the quest for the
                  | Orb.
     0 | D:1      | Reached XP level 1. HP: 10/10 MP: 4/4
   315 | D:1      | Reached XP level 2. HP: 14/15 MP: 4/6
   708 | D:1      | Reached XP level 3. HP: 13/19 MP: 2/7
   711 | D:1      | Learned a level 2 spell: Scorch
   715 | D:1      | Learned a level 3 spell: Conjure Flame
   821 | D:1      | Reached skill level 1 in Shields
   955 | D:1      | Found a faded altar of an unknown god.
   956 | D:1      | Noticed a floating eye
   971 | D:1      | Noticed a floating eye
   976 | D:1      | Noticed a floating eye
   982 | D:1      | Noticed a great orb of eyes
  1242 | D:2      | You fall into a shaft and drop 1 floor!
  1454 | D:2      | Found Garheol's Book Emporium.
  1552 | D:2      | Reached skill level 4 in Fire Magic
  1971 | D:2      | Reached XP level 4. HP: 24/24 MP: 6/8
  2105 | D:3      | Found Wienly's Antique Weapon Emporium.
  2198 | D:3      | Found a runed translucent door.
  2199 | D:3      | Noticed Crazy Yiuf
  2796 | D:3      | Noticed Terence
  3005 | D:3      | HP: 1/24 [iguana (13)]
  3006 | D:3      | Slain by an iguana

Illustrated notes

Levels and vault maps discovered:
D:1:      enne_arrival_octagon_isle, layout_basic,
          hellmonk_ecumenical_altar_watching_god,
          chequers_serial_rivers_micro_b, minmay_tetromino_t2
D:2:      layout_loops_ring, serial_shops, shop, nrook_mini_vaults,
          kennysheep_generic_room_3
D:3:      layout_rooms, serial_shops, nicolae_shop_crystal,
          uniq_crazy_yiuf_cottage, uniq_terence

Skill      XL: |  1  2  3 |
---------------+----------+-----
Conjurations   | 2 3 |  3.5
Shields        | 1 |  1.4
Fire Magic     | 4 |  4.3
Dodging        | |  2.1
Stealth        | |  2.0
Spellcasting   | |  2.5

Action                   |  1- 3 |  4- 6 || total
-------------------------+-------+-------++-------
Melee: Unarmed           |     9 |       ||     9
       Kick              |     6 |       ||     6
       Peck              |     1 |     1 ||     2
       Falchion          |       |     2 ||     2
 Cast: Foxfire           |    73 |    30 ||   103
       Scorch            |     5 |     8 ||    13
       Conjure Flame     |       |     1 ||     1
  Use: Scroll            |     2 |       ||     2
       Potion            |       |     1 ||     1
Armor: Robe              |    10 |       ||    10
Dodge: Dodged            |    21 |     5 ||    26
Block: Buckler           |     9 |     1 ||    10

Table legend: (Time is in decaauts)
 A = Elapsed time spent in this place.
 B = Non-inter-level travel time spent in this place.
 C = Inter-level travel time spent in this place.
 D = Time resting spent in this place.
 E = Time spent auto-exploring this place.
 F = Levels seen in this place.
 G = Mean time per level.
                   A        B        C        D        E       F      G
               +--------+--------+--------+--------+--------+-----+--------+
         Total |   3007 |   2949 |     58 |     58 |   2454 |   3 | 1002.3 |
       Dungeon |   3007 |   2949 |     58 |     58 |   2454 |   3 | 1002.3 |
               +--------+--------+--------+--------+--------+-----+--------+

Top non-repeatable levels by time:
     D:1: 1201 daAuts
     D:2: 996 daAuts
     D:3: 808 daAuts
